 Dungeon Crawl Stone Soup version 0.28.0 (webtiles) character file.

Game seed: 4470179137677718404

1594 SnakkuSnakku7 the Bolt Thrower (level 8, -10/58 HPs)
             Began as a Mummy Cinder Acolyte on Feb 11, 2022.
             Was a High Priest of Ignis.
             Mangled by Maggie (18 damage)
             ... on level 7 of the Dungeon.
             The game lasted 00:09:25 (5961 turns).

SnakkuSnakku7 the Bolt Thrower (MuCA)               Turns: 5961, Time: 00:09:26

Health: -10/58     AC:  4    Str: 18    XL:     8   Next: 62%
Magic:  15/15      EV: 11    Int: 15    God:    Ignis [*****.]
Gold:   235        SH:  5    Dex:  7    Spells: 15/17 levels left

rFire   . . .      SeeInvis .   a - +7 war axe of Conservatism {freeze, Will+}
rCold   + + .      Faith    .   (no shield)
rNeg    + + +      Spirit   .   c - +0 leather armour
rPois   ∞          Reflect  +   x - +0 helmet
rElec   .          Harm     .   u - scarf {+Inv}
rCorr   .          Rampage  .   (no gloves)
Will    ++...                   (no boots)
Stlth   +.........              k - amulet of reflection
HPRegen 0.19/turn               e - ring of protection from cold
MPRegen 0.14/turn               (no ring)

@: no status effects
A: cold resistance 1, negative energy resistance 3, torment resistance 2, heat
vulnerability 1, no potions
a: Renounce Religion, Evoke Invisibility, Fiery Armour, Foxfire Swarm, Rising
Flame


You were on level 7 of the Dungeon.
You worshipped Ignis.
Ignis was extremely pleased with you.
You visited 1 branch of the dungeon, and saw 7 of its levels.

You collected 235 gold pieces.

Inventory:

Hand Weapons
 a - the +7 war axe of Conservatism (weapon) {freeze, Will+}
   (You took it off an orc on level 5 of the Dungeon)

   It freezes those it strikes, dealing additional cold damage.
   It can also slow down cold-blooded creatures.
   Will:      It increases your willpower.
 g - a +0 arbalest
 w - a -1 mace of flaming
Missiles
 h - 49 bolts
Armour
 b - a +0 robe
 c - a +0 leather armour (worn)
 q - a +0 plate armour
 u - a scarf of invisibility (worn)
 x - a +0 helmet (worn)
Jewellery
 e - a ring of protection from cold (left hand)
 k - an amulet of reflection (around neck)
 p - a ring of protection from cold
Wands
 t - a wand of iceblast (1)
Scrolls
 d - 2 scrolls of vulnerability
 f - a scroll of fear {unknown}
 i - a scroll of immolation
 j - a scroll of fog
 l - a scroll of magic mapping
 m - 3 scrolls of teleportation
 n - a scroll of blinking
 r - a scroll of silence {unknown}
 s - a scroll of identify
 v - a scroll of amnesia {unknown}


   Skills:
 - Level 3.0 Fighting
 - Level 2.4 Maces & Flails
 + Level 6.8 Crossbows
 - Level 5.0 Spellcasting
 - Level 5.4 Fire Magic


You had 15 spell levels left.
You knew the following spells:

 Your Spells              Type           Power      Damage    Failure   Level
a - Scorch                Fire           40%        2d7       3%          2

Your spell library contained the following spells:

 Spells                   Type           Power      Damage    Failure   Level
 Animate Skeleton         Necr           6%         N/A       19%         1
 Pain                     Necr           12%        1d4       19%         1
 Vampiric Draining        Necr           3%         2d6       50%         3


Dungeon Overview and Level Annotations

Branches:
Dungeon (7/15)             Temple (0/1) D:5

Altars:
Okawaru
Trog

Shops:
D:1 (   D:6 :

Annotations:
D:7 Maggie


Innate Abilities, Weirdness & Mutations

You are immune to poison.
Your flesh is cold resistant. (rC+)
You are immune to negative energy. (rN+++)
You are immune to unholy pain and torment.
You are vulnerable to heat. (rF-)
You do not drink.


Message History

The howler monkey hits you but does no damage.
The howler monkey closely misses you.
You slash the howler monkey! You freeze the howler monkey.
The howler monkey is severely wounded.
The howler monkey barely misses you.
The howler monkey hoots and howls with incredible vigour!
You hear a shout! x2
You slash the howler monkey! You freeze the howler monkey.
You kill the howler monkey!
The killer bee zombie hits you.
A shadow imp comes into view.
The killer bee zombie barely misses you.
You barely miss the killer bee zombie.
The killer bee zombie is severely damaged.
The killer bee zombie hits you. x2
You slash the shadow imp!
The shadow imp is almost dead.
You closely miss the shadow imp.
The shadow imp is almost dead.
The shadow imp barely misses you. You block the shadow imp's attack.
You slash the shadow imp!
You kill the shadow imp!
You block the killer bee zombie's attack.
Maggie the Vainglorious comes into view.
She is wielding a +2 morningstar of flaming.
The killer bee zombie hits you.
You slash the killer bee zombie!
The killer bee zombie is almost destroyed.
The killer bee zombie hits you. x2
You slice the killer bee zombie!!
You destroy the killer bee zombie!
You block Maggie's attack.
You closely miss Maggie. Maggie casts a spell at you.
The bolt of fire hits you!!
* * * LOW HITPOINT WARNING * * *
Unknown command.
As you read the scroll of summoning, it crumbles to dust.
Wisps of shadow whirl around you...
Maggie hits you with a +2 morningstar of flaming!!
You die...

..?......# .#
.........# ..
.........# .#
.........# ..###
.........##.....
........<...#
........5Y###
#####.###@# #.
#@# #. #S# ..
5.# # ####


You could see Maggie (ally target), a friendly water moccasin (summoned), a
friendly ice beast (summoned), a friendly white imp (summoned) and a friendly
ufetubus (summoned).

Vanquished Creatures
  A steam dragon (D:6)
  A black bear (D:5)
  A necrophage (D:6)
  3 ogres
  3 phantoms
  2 kobold brigands
  A wyvern skeleton (D:5)
  A howler monkey (D:7)
  A bullfrog zombie (D:6)
  A hound (D:4)
  2 bullfrog skeletons
  An orc priest (D:5)
  A centaur skeleton (D:5)
  Terence (D:2)
  An iguana (D:6)
  3 orc wizards
  A killer bee zombie (D:7)
  A howler monkey zombie (D:5)
  4 gnolls
  9 adders
  2 shadow imps
  An ufetubus (D:6)
  2 worms (D:2)
  2 dart slugs
  11 orcs
  4 bats
  9 endoplasms
  4 giant cockroaches
  5 goblins
  A hobgoblin (D:2)
  6 jackals (D:4)
  4 quokkas
  7 ball pythons
  A frilled lizard (D:1)
  14 kobolds
  5 rats
117 creatures vanquished.

Notes
Turn   | Place    | Note
-------+----------+-------------------------------------------
     0 | D:1      | SnakkuSnakku7 the Mummy Cinder Acolyte began the quest for
                  | the Orb.
     0 | D:1      | Reached XP level 1. HP: 18/18 MP: 2/2
   367 | D:1      | Found Fawoicrorch's Weapon Boutique.
   518 | D:1      | Reached XP level 2. HP: 24/24 MP: 4/4
   527 | D:1      | Learned a level 2 spell: Scorch
   909 | D:2      | Reached XP level 3. HP: 27/29 MP: 0/5
  1564 | D:3      | Reached XP level 4. HP: 29/35 MP: 2/6
  1703 | D:3      | Noticed Terence
  1926 | D:2      | Killed Terence
  2161 | D:3      | Found a faded altar of an unknown god.
  2594 | D:4      | Reached XP level 5. HP: 34/41 MP: 0/7
  2674 | D:4      | Noticed a phantom
  2722 | D:4      | Killed a phantom
  2723 | D:4      | Reached skill level 5 in Fire Magic
  2985 | D:4      | Reached XP level 6. HP: 45/47 MP: 9/9
  3571 | D:5      | Entered Level 5 of the Dungeon
  3679 | D:4      | Reached skill level 5 in Spellcasting
  3679 | D:4      | Reached skill level 1 in Crossbows
  3679 | D:4      | Reached XP level 7. HP: 43/52 MP: 3/14
  3861 | D:5      | Identified the +7 war axe of Conservatism {freeze, Will+}
  3877 | D:5      | Reached skill level 2 in Crossbows
  4324 | D:5      | Found a staircase to the Ecumenical Temple.
  4370 | D:5      | Reached skill level 3 in Crossbows
  4510 | D:5      | Found a bloodstained altar of Trog.
  4510 | D:5      | Found an iron altar of Okawaru.
  4641 | D:6      | Reached skill level 4 in Crossbows
  4682 | D:6      | Noticed a steam dragon
  4765 | D:5      | Reached XP level 8. HP: 17/58 MP: 2/15
  5008 | D:6      | Reached skill level 5 in Crossbows
  5481 | D:6      | Reached skill level 6 in Crossbows
  5658 | D:6      | Noticed an eight-headed hydra
  5890 | D:6      | Found Gurasasch's Self-Improvement Boutique.
  5957 | D:7      | Noticed Maggie
  5961 | D:7      | Mangled by Maggie

Illustrated notes

Levels and vault maps discovered:
D:1:      lemuel_arrival_river_ford, layout_basic, serial_shops,
          nicolae_shop_bloodbath_and_beyond
D:2:      layout_rooms
D:3:      layout_basic, basic_ecumenical_altar, uniq_terence
D:4:      layout_loops_cross
D:5:      layout_rooms, grunt_temple_overflow_bloody_war, temple_fountains
D:6:      layout_rooms, nicolae_shop_self_help
D:7:      layout_basic, mainiacjoe_overflow_brackets, uniq_maggie

Skill      XL: |  1  2  3  4  5  6  7  8 |
---------------+-------------------------+-----
Fire Magic     | 3 4 5 |  5.4
Spellcasting   | 2 5 |  5.0
Crossbows      | 1 4 6 |  6.8
Fighting       | |  3.0
Maces & Flails | |  2.4

Action                   |  1- 3 |  4- 6 |  7- 9 || total
-------------------------+-------+-------+-------++-------
Melee: Mace              |   106 |    84 |    28 ||   218
       Punch             |       |     2 |       ||     2
       War axe           |       |       |    56 ||    56
 Cast: Scorch            |    13 |    39 |    53 ||   105
Evoke: Wand              |       |       |     4 ||     4
  Use: Scroll            |       |     7 |     1 ||     8
Armor: Leather armour    |    39 |    32 |    22 ||    93
       Robe              |     2 |       |       ||     2
Dodge: Dodged            |    81 |    74 |    78 ||   233
Block: Other             |       |    30 |    36 ||    66
       Reflection        |       |     3 |     1 ||     4
